Sewer Rats vs Atomiques

Created - March 20, 2021 at 19:49

Goals
1 2 3 T
Sewer Rats 0 1 2 3
Atomiques 3 1 4 8
Shots
1 2 3 T
Sewer Rats 13 10 18 41
Atomiques 13 12 15 40

1st period

1. Atomiques , Pontus Aberg 31 (Oscar Sundqvist 37, Matt Tennyson 18) at 1:06 (PP)
2. Atomiques , Pontus Aberg 32 (Brock Boeser 9, Matt Tennyson 19) at 3:15
3. Atomiques , Brock Boeser 11 (Brock McGinn 21, Alex Nedeljkovic) at 9:45 (PP)

Penalties :
Anthony Duclair (Tol) for Roughing (Minor) at 0:53, Drake Caggiula (Tol) for High sticking (Minor) at 9:09, Erik Condra (Tol) for Holding (Minor) at 18:30

2nd period

4. Atomiques , William Nylander 22 (Brock Boeser 10) at 2:09
5. Sewer Rats , Anthony Duclair 13 (Nick Cousins 15, Connor Carrick 8) at 13:24

Penalties :
Joseph Blandisi (Tol) for Slashing (Minor) at 14:17

3rd period

6. Atomiques , Brock Boeser 12 (Jeremy Lauzon 27, William Nylander 23) at 4:10
7. Atomiques , Chase De Leo 11 (Brendan Lemieux 18) at 9:08
8. Atomiques , Kirill Kaprizov 8 (Brendan Guhle 11, Jeremy Lauzon 28) at 10:28
9. Sewer Rats , Vincent Trocheck 28 (Joel Edmundson 23, Mark Mancari 40) at 16:14
10. Sewer Rats , Daniel Carr 32 (Vincent Trocheck 57, Joel Edmundson 24) at 16:29
11. Atomiques , Brendan Lemieux 15 (Cody Goloubef 43, Jeremy Lauzon 29) at 18:10

Penalties :
Dylan Strome (STB) for Hooking (Minor) at 6:25

Goalie Stats

Darcy Kuemper (Tol), 12 saves from 16 shots - (0.750), L, 15-10-1, 22:09 minutes
Marek Mazanek (Tol), 20 saves from 24 shots - (0.833), 37:51 minutes
Alex Nedeljkovic (STB), 38 saves from 41 shots - (0.927), W, 19-14-5, 60:00 minutes

Players Stats for Sewer Rats

Player Name              G  A  P  +/- PIM S  H  SB GA TA FO     MP     PP MP  PK MP  
------------------------------------------------------------------------------------
Anthony Duclair          1  0  1  -1  2   4  1  1  0  0  1/1    13:15   0:00   0:26 
Connor Carrick           0  1  1  -2  0   0  0  1  0  0  0/0    10:23   0:00   0:00 
Daniel Carr              1  0  1   1  0   3  0  1  2  1  0/1    22:33   0:55   3:08 
Dmitrij Jaskin           0  0  0  -1  0   1  1  0  0  0  0/0     6:05   0:00   0:54 
Drake Caggiula           0  0  0  -1  2   3  2  0  1  0  4/12   12:49   0:00   0:00 
Erik Condra              0  0  0  -2  2   3  3  0  1  0  1/2    18:35   1:04   0:38 
Jared McCann             0  0  0   0  0   0  0  0  0  0  0/0     0:30   0:00   0:00 
Jarred Tinordi           0  0  0   0  0   1  0  1  0  0  0/0    19:05   0:54   1:38 
Joel Edmundson           0  2  2  -1  0   1  3  1  0  2  0/0    26:18   1:05   3:09 
John Ramage              0  0  0   0  0   4  1  0  0  1  0/0    19:05   0:54   1:38 
Jonathan Marchessault    0  0  0  -2  0   5  1  2  0  0  7/22   17:34   1:04   0:00 
Joseph Blandisi          0  0  0  -2  2   2  1  0  1  0  0/1    17:53   1:04   0:07 
Mark Mancari             0  1  1   1  0   3  3  0  0  0  1/1    20:40   0:55   1:13 
Nick Cousins             0  1  1  -1  0   1  1  0  1  2  0/0    12:50   0:00   0:00 
Ryan Murphy              0  0  0  -2  0   0  0  0  0  0  0/0    10:23   0:00   0:00 
Stefan Elliott           0  0  0  -1  0   3  3  0  1  3  0/0    26:18   1:05   3:09 
Thomas Chabot            0  0  0   0  0   1  0  0  0  0  0/0     4:14   0:00   0:00 
Vincent Trocheck         1  1  2   0  0   6  2  1  1  0  16/33  27:14   0:55   3:08 
Xavier Ouellet           0  0  0   0  0   0  0  1  0  0  0/0     4:14   0:00   0:00 
Zach Aston-Reese         0  0  0  -1  0   0  0  0  1  0  0/1     5:11   0:00   0:00 

Players Stats for Atomiques

Player Name              G  A  P  +/- PIM S  H  SB GA TA FO     MP     PP MP  PK MP  
------------------------------------------------------------------------------------
Anthony Cirelli          0  0  0   0  0   0  1  1  1  0  16/21  15:28   0:00   0:20 
Brendan Guhle            0  1  1   2  0   2  0  2  0  3  0/0    17:04   0:00   0:34 
Brendan Lemieux          1  1  2   1  0   5  4  0  1  0  0/0    13:51   0:00   0:20 
Brock Boeser             2  2  4   0  0   4  2  0  0  0  1/3    17:19   2:00   0:00 
Brock McGinn             0  1  1   0  0   3  1  1  1  0  0/1    18:42   2:00   1:08 
Chase De Leo             1  0  1   2  0   2  0  0  1  0  1/9     8:31   0:00   0:00 
Cody Goloubef            0  1  1  -1  0   4  2  0  2  0  0/0    27:17   1:13   1:25 
Dylan Strome             0  0  0   1  2   0  1  0  0  0  4/8    15:52   1:53   0:00 
Jeremy Lauzon            0  3  3   2  0   1  1  2  1  1  0/0    20:50   3:34   0:34 
Kevin Fiala              0  0  0   1  0   3  0  0  0  0  0/0    13:45   0:02   0:00 
Kirill Kaprizov          1  0  1   2  0   1  1  1  0  0  0/1     9:20   0:00   0:31 
Matt Tennyson            0  2  2  -1  0   1  1  4  0  2  0/0    29:39   3:34   1:25 
Nicolas Aube-Kubel       0  0  0   2  0   1  2  0  0  0  0/1     8:52   0:09   0:00 
Noah Hanifin             0  0  0   2  0   0  0  1  0  1  0/0    13:31   1:15   0:00 
Oscar Sundqvist          0  1  1   0  0   1  3  0  0  2  20/27  19:16   2:45   1:08 
Pontus Aberg             2  0  2   0  0   4  0  0  1  0  2/2    18:57   2:45   0:31 
Sean Walker              0  0  0   2  0   1  1  1  0  0  0/0    11:53   0:00   0:00 
William Nylander         1  1  2   0  0   7  0  0  1  0  0/1    17:53   2:45   0:00 

3 Stars

1 - Brock Boeser (STB)
2 - Brendan Lemieux (STB)
3 - Jeremy Lauzon (STB)

Power Play

Sewer Rats - 0 on 1 Attempt(s) - 0.00%
Atomiques - 2 on 4 Attempt(s) - 50.00%

Penalty Kill

Sewer Rats - 2 on 4 Attempt(s) - 50.00% - Score 0 goal in Penalty Kill
Atomiques - 1 on 1 Attempt(s) - 100.00% - Score 0 goal in Penalty Kill

Team Stat

Sewer Rats - Hits : 22 - Faceoff Wins : 30 - Blocked Shots : 9 - Penalty Minutes : 8
Atomiques - Hits : 20 - Faceoff Wins : 44 - Blocked Shots : 13 - Penalty Minutes : 2

Official

Referees : Unknown
Linesman : Unknown

Game Notes

Marek Mazanek enters game at 2:09 of 2nd period

Finance

Level 1 -- Attendance: 1398 (69.90%) -- Ticket Income $55,920
Level 2 -- Attendance: 717 (71.70%) -- Ticket Income $14,340
Total Attendance: 2115 (70.50%)
Total Ticket Income: $70,260
Other Income: $3,513
Total Income: $73,773

Sewer Rats

5 vs 5 Forward 
   Center                   Left Wing                Right Wing               Time % Phy DF OF 
 1 Vincent Trocheck         Daniel Carr              Mark Mancari             40     1   2  2  
 2 Jonathan Marchessault    Joseph Blandisi          Erik Condra              30     1   2  2  
 3 Drake Caggiula           Anthony Duclair          Nick Cousins             20     1   2  2  
 4 Zach Aston-Reese         Vincent Trocheck         Dmitrij Jaskin           10     1   2  2  

5 vs 5 Defense 
   Defense                  Defense                                           Time % Phy DF OF 
 1 Stefan Elliott           Joel Edmundson                                    40     1   2  2  
 2 Jarred Tinordi           John Ramage                                       30     1   2  2  
 3 Ryan Murphy              Connor Carrick                                    20     1   2  2  
 4 Thomas Chabot            Xavier Ouellet                                    10     1   2  2  

PowerPlay Forward 
   Center                   Left Wing                Right Wing               Time % Phy DF OF 
 1 Vincent Trocheck         Daniel Carr              Mark Mancari             60     1   2  2  
 2 Jonathan Marchessault    Joseph Blandisi          Erik Condra              40     1   2  2  

PowerPlay Defense
   Defense                  Defense                                           Time % Phy DF OF 
 1 Stefan Elliott           Joel Edmundson                                    60     1   2  2  
 2 Jarred Tinordi           John Ramage                                       40     1   2  2  

Penalty Kill 4 Players Forward 
   Center                   Wing                     Time % Phy DF OF 
 1 Vincent Trocheck         Daniel Carr              60     1   2  2  
 2 Mark Mancari             Erik Condra              40     1   2  2  

Penalty Kill 4 Players Defense
   Defense                  Defense                  Time % Phy DF OF 
 1 Stefan Elliott           Joel Edmundson           60     1   2  2  
 2 Jarred Tinordi           John Ramage              40     1   2  2  

Penalty Kill - 3 Players Forward 
   Forward                                           Time % Phy DF OF 
 1 Vincent Trocheck                                  60     1   2  2  
 2 Daniel Carr                                       40     1   2  2  

Penalty Kill - 3 Players Defense
   Defense                  Defense                  Time % Phy DF OF 
 1 Stefan Elliott           Joel Edmundson           60     1   2  2  
 2 Jarred Tinordi           John Ramage              40     1   2  2  

4 vs 4 Forward 
   Center                   Wing                     Time % Phy DF OF 
 1 Vincent Trocheck         Daniel Carr              60     1   2  2  
 2 Mark Mancari             Erik Condra              40     1   2  2  

4 vs 4 Defense
   Defense                  Defense                  Time % Phy DF OF 
 1 Stefan Elliott           Joel Edmundson           60     1   2  2  
 2 Jarred Tinordi           John Ramage              40     1   2  2  

Last Minutes Offensive
   Center                   Left Wing                Right Wing               Defense                  Defense                  
   Vincent Trocheck         Daniel Carr              Mark Mancari             Stefan Elliott           Joel Edmundson           

Last Minutes Defensive
   Center                   Left Wing                Right Wing               Defense                  Defense                  
   Vincent Trocheck         Daniel Carr              Mark Mancari             Stefan Elliott           Joel Edmundson           

Goaltenders
Starting : Darcy Kuemper            
Backup : Marek Mazanek            

Extra Forwards
Normal : Jared McCann, Nick Cousins, Dmitrij Jaskin - PP : Jared McCann, Nick Cousins - PK : Dmitrij Jaskin
Extra Defensemen
Normal : Ryan Murphy, Connor Carrick, Thomas Chabot - PP : Ryan Murphy - PK : Connor Carrick, Thomas Chabot
Penalty Shots
Vincent Trocheck, Daniel Carr, Mark Mancari, Erik Condra, Jonathan Marchessault

Scratches
Dominik Kubalik (Healthy), Josh Archibald (Healthy), Jonathan Racine (Healthy), Tyler Motte (Healthy), Chris Calhan (Healthy)
Mark Friedman (Healthy), Michael Dal Colle (Healthy), Matteson Iacopelli (Healthy), Adin Hill (Healthy), Antoine Bibeau (Healthy)

Atomiques

5 vs 5 Forward 
   Center                   Left Wing                Right Wing               Time % Phy DF OF 
 1 Oscar Sundqvist          Brock McGinn             Pontus Aberg             30     1   2  2  
 2 Anthony Cirelli          William Nylander         Brock Boeser             30     1   2  2  
 3 Dylan Strome             Brendan Lemieux          Kevin Fiala              25     1   2  2  
 4 Chase De Leo             Kirill Kaprizov          Nicolas Aube-Kubel       15     1   2  2  

5 vs 5 Defense 
   Defense                  Defense                                           Time % Phy DF OF 
 1 Matt Tennyson            Cody Goloubef                                     40     1   2  2  
 2 Brendan Guhle            Jeremy Lauzon                                     30     1   2  2  
 3 Noah Hanifin             Sean Walker                                       20     1   2  2  
 4 Matt Tennyson            Cody Goloubef                                     10     1   2  2  

PowerPlay Forward 
   Center                   Left Wing                Right Wing               Time % Phy DF OF 
 1 Oscar Sundqvist          William Nylander         Pontus Aberg             60     1   2  2  
 2 Dylan Strome             Brock McGinn             Brock Boeser             40     1   2  2  

PowerPlay Defense
   Defense                  Defense                                           Time % Phy DF OF 
 1 Matt Tennyson            Jeremy Lauzon                                     60     1   2  2  
 2 Noah Hanifin             Cody Goloubef                                     40     1   2  2  

Penalty Kill 4 Players Forward 
   Center                   Wing                     Time % Phy DF OF 
 1 Oscar Sundqvist          Brock McGinn             60     1   2  2  
 2 Anthony Cirelli          Brendan Lemieux          40     1   2  2  

Penalty Kill 4 Players Defense
   Defense                  Defense                  Time % Phy DF OF 
 1 Matt Tennyson            Cody Goloubef            60     1   2  2  
 2 Brendan Guhle            Jeremy Lauzon            40     1   2  2  

Penalty Kill - 3 Players Forward 
   Forward                                           Time % Phy DF OF 
 1 Oscar Sundqvist                                   60     1   2  2  
 2 Anthony Cirelli                                   40     1   2  2  

Penalty Kill - 3 Players Defense
   Defense                  Defense                  Time % Phy DF OF 
 1 Matt Tennyson            Cody Goloubef            60     1   2  2  
 2 Brendan Guhle            Jeremy Lauzon            40     1   2  2  

4 vs 4 Forward 
   Center                   Wing                     Time % Phy DF OF 
 1 Oscar Sundqvist          Pontus Aberg             60     1   2  2  
 2 Anthony Cirelli          Brock McGinn             40     1   2  2  

4 vs 4 Defense
   Defense                  Defense                  Time % Phy DF OF 
 1 Matt Tennyson            Jeremy Lauzon            60     1   2  2  
 2 Noah Hanifin             Cody Goloubef            40     1   2  2  

Last Minutes Offensive
   Center                   Left Wing                Right Wing               Defense                  Defense                  
   Oscar Sundqvist          Brock McGinn             Pontus Aberg             Noah Hanifin             Jeremy Lauzon            

Last Minutes Defensive
   Center                   Left Wing                Right Wing               Defense                  Defense                  
   Anthony Cirelli          Brock McGinn             Kevin Fiala              Brendan Guhle            Cody Goloubef            

Goaltenders
Starting : Alex Nedeljkovic         
Backup : Kaapo Kahkonen           

Extra Forwards
Normal : William Nylander, Kevin Fiala, Kirill Kaprizov - PP : Nicolas Aube-Kubel, Kevin Fiala - PK : Pontus Aberg
Extra Defensemen
Normal : Brendan Guhle, Noah Hanifin, Matt Tennyson - PP : Brendan Guhle - PK : Sean Walker, Jeremy Lauzon
Penalty Shots
Pontus Aberg, William Nylander, Brock Boeser, Kirill Kaprizov, Brendan Lemieux

Scratches
Michael Downing (Healthy), Max McCormick (Healthy), Jacob Larsson (Healthy), Charles-Olivier Roussel (Healthy), Kyle Capobianco (Healthy)
Dalton Smith (Healthy), Axel Holmstrom (Healthy), Keegan Iverson (Healthy)

% Time on Ice - Sewer Rats

Lines # - Real PCT - Wanted PCT - Time Play
Normal Forward
1 - 35% - 40% - 18:30
2 - 31% - 30% - 16:43
3 - 24% - 20% - 12:50
4 - 10% - 10% - 5:11
Normal Defense
1 - 41% - 40% - 22:04
2 - 31% - 30% - 16:33
3 - 20% - 20% - 10:23
4 - 8% - 10% - 4:14
PP Forward
1 - 46% - 60% - 0:55
2 - 54% - 40% - 1:04
PP Defense
1 - 55% - 60% - 1:05
2 - 45% - 40% - 0:54
PK Forward
1 - 75% - 60% - 3:34
2 - 25% - 40% - 1:13
PK Defense
1 - 66% - 60% - 3:09
2 - 34% - 40% - 1:38
PK3 Forward
1 - 0% - 60%
2 - 0% - 40%
PK3 Defense
1 - 0% - 60%
2 - 0% - 40%
44 Forward
1 - 0% - 60%
2 - 0% - 40%
44 Defense
1 - 0% - 60%
2 - 0% - 40%
Last Minute Offensive  - 0:00
Last Minute Defensive  - 0:00
Total
Forward - 60:00
Defense - 60:00

% Time on Ice - Atomiques

Lines # - Real PCT - Wanted PCT - Time Play
Normal Forward
1 - 30% - 30% - 15:53
2 - 29% - 30% - 15:19
3 - 25% - 25% - 13:31
4 - 16% - 15% - 8:31
Normal Defense
1 - 40% - 40% - 21:12
2 - 31% - 30% - 16:41
3 - 22% - 20% - 11:53
4 - 7% - 10% - 3:28
PP Forward
1 - 58% - 60% - 2:47
2 - 42% - 40% - 2:00
PP Defense
1 - 75% - 60% - 3:34
2 - 25% - 40% - 1:13
PK Forward
1 - 83% - 60% - 1:39
2 - 17% - 40% - 0:20
PK Defense
1 - 71% - 60% - 1:25
2 - 29% - 40% - 0:34
PK3 Forward
1 - 0% - 60%
2 - 0% - 40%
PK3 Defense
1 - 0% - 60%
2 - 0% - 40%
44 Forward
1 - 0% - 60%
2 - 0% - 40%
44 Defense
1 - 0% - 60%
2 - 0% - 40%
Last Minute Offensive  - 0:00
Last Minute Defensive  - 0:00
Total
Forward - 60:00
Defense - 60:00

Play-by-Play

1st period


0:01 of 1st period - Vincent Trocheck wins face-off versus Oscar Sundqvist in neutral zone.
0:08 of 1st period - Cody Goloubef is hit by Vincent Trocheck.
0:53 of 1st period - Minor Penalty to Anthony Duclair for Roughing.
0:54 of 1st period - Pontus Aberg wins face-off versus Vincent Trocheck in Sewer Rats zone.
1:00 of 1st period - Snap shot by William Nylander.
1:00 of 1st period - Stopped by Darcy Kuemper with a rebound.
1:02 of 1st period - Slapshot by Matt Tennyson.
1:02 of 1st period - Stopped by Darcy Kuemper with a rebound.
1:04 of 1st period - Snap shot by Oscar Sundqvist.
1:04 of 1st period - Shot Misses the Net.
1:06 of 1st period - Wrist shot by Oscar Sundqvist.
1:06 of 1st period - Deflect By Pontus Aberg.
1:06 of 1st period - Goal by Pontus Aberg - Sewer Rats : 0 - Atomiques : 1.
1:07 of 1st period - Vincent Trocheck wins face-off versus Chase De Leo in neutral zone.
1:29 of 1st period - Icing by Kirill Kaprizov.
1:30 of 1st period - Jonathan Marchessault wins face-off versus Chase De Leo in Atomiques zone.
1:35 of 1st period - Snap shot by Erik Condra.
1:35 of 1st period - Stopped by Alex Nedeljkovic with a rebound.
1:59 of 1st period - Wrist shot by Brendan Lemieux.
1:59 of 1st period - Stopped by Darcy Kuemper without a rebound.
2:00 of 1st period - Vincent Trocheck wins face-off versus Dylan Strome in Sewer Rats zone.
2:16 of 1st period - Snap shot by Vincent Trocheck.
2:16 of 1st period - Shot Misses the Net.
2:29 of 1st period - Brendan Lemieux is hit by Stefan Elliott and loses puck.
2:42 of 1st period - Snap shot by Kevin Fiala.
2:42 of 1st period - Stopped by Darcy Kuemper without a rebound.
2:43 of 1st period - Anthony Cirelli wins face-off versus Drake Caggiula in Sewer Rats zone.
2:46 of 1st period - Snap shot by William Nylander.
2:46 of 1st period - Deflect By Brock Boeser.
2:46 of 1st period - Shot Blocked by Connor Carrick.
2:46 of 1st period - Puck is out of play.
2:47 of 1st period - Drake Caggiula wins face-off versus Anthony Cirelli in Sewer Rats zone.
3:15 of 1st period - Wrist shot by Pontus Aberg.
3:15 of 1st period - Goal by Pontus Aberg - Sewer Rats : 0 - Atomiques : 2.
3:16 of 1st period - Oscar Sundqvist wins face-off versus Zach Aston-Reese in neutral zone.
3:19 of 1st period - Joel Edmundson is hit by Oscar Sundqvist and loses puck.
3:31 of 1st period - Off-side.
3:32 of 1st period - Jonathan Marchessault wins face-off versus Anthony Cirelli in neutral zone.
3:37 of 1st period - Snap shot by Joseph Blandisi.
3:37 of 1st period - Shot Misses the Net.
3:41 of 1st period - Snap shot by Jonathan Marchessault.
3:41 of 1st period - Shot Misses the Net.
3:47 of 1st period - Wrist shot by Jonathan Marchessault.
3:47 of 1st period - Stopped by Alex Nedeljkovic without a rebound.
3:48 of 1st period - Oscar Sundqvist wins face-off versus Vincent Trocheck in Atomiques zone.
3:48 of 1st period - Oscar Sundqvist is hit by Mark Mancari.
3:56 of 1st period - Wrist shot by Mark Mancari.
3:56 of 1st period - Shot Misses the Net.
4:02 of 1st period - Vincent Trocheck is hit by Oscar Sundqvist and loses puck.
4:15 of 1st period - Anthony Cirelli is hit by Drake Caggiula and loses puck.
7:39 of 1st period - Thomas Chabot is hit by Brock Boeser and loses puck.
8:08 of 1st period - Thomas Chabot is hit by Brendan Lemieux and loses puck.
8:46 of 1st period - Snap shot by Nicolas Aube-Kubel.
8:46 of 1st period - Stopped by Darcy Kuemper without a rebound.
8:47 of 1st period - Vincent Trocheck wins face-off versus Chase De Leo in Sewer Rats zone.
8:47 of 1st period - Vincent Trocheck is hit by Nicolas Aube-Kubel.
8:53 of 1st period - Snap shot by Daniel Carr.
8:53 of 1st period - Shot Misses the Net.
9:09 of 1st period - Minor Penalty to Drake Caggiula for High sticking.
9:10 of 1st period - Oscar Sundqvist wins face-off versus Vincent Trocheck in Sewer Rats zone.
9:45 of 1st period - Slapshot by Brock Boeser.
9:45 of 1st period - Goal by Brock Boeser - Sewer Rats : 0 - Atomiques : 3.
9:46 of 1st period - Oscar Sundqvist wins face-off versus Vincent Trocheck in neutral zone.
10:16 of 1st period - Wrist shot by Vincent Trocheck.
10:16 of 1st period - Stopped by Alex Nedeljkovic with a rebound.
10:32 of 1st period - Wrist shot by Vincent Trocheck.
10:32 of 1st period - Shot Misses the Net.
10:34 of 1st period - Slapshot by John Ramage.
10:34 of 1st period - Deflect By Brock McGinn.
10:34 of 1st period - Stopped by Alex Nedeljkovic with a rebound.
10:38 of 1st period - Snap shot by Vincent Trocheck.
10:38 of 1st period - Shot Blocked by Jeremy Lauzon.
10:40 of 1st period - Snap shot by John Ramage.
10:40 of 1st period - Stopped by Alex Nedeljkovic with a rebound.
10:42 of 1st period - Slapshot by Jarred Tinordi.
10:42 of 1st period - Shot Misses the Net.
10:44 of 1st period - Wrist shot by Vincent Trocheck.
10:44 of 1st period - Shot Hit the Post.
10:46 of 1st period - Snap shot by Daniel Carr.
10:46 of 1st period - Deflect By Mark Mancari.
10:46 of 1st period - Shot Blocked by Brendan Guhle.
10:46 of 1st period - Puck is out of play.
10:47 of 1st period - Jonathan Marchessault wins face-off versus Anthony Cirelli in Atomiques zone.
10:50 of 1st period - Snap shot by Joseph Blandisi.
10:50 of 1st period - Shot Blocked by Matt Tennyson.
10:53 of 1st period - Icing by William Nylander.
10:54 of 1st period - Anthony Cirelli wins face-off versus Jonathan Marchessault in Atomiques zone.
11:09 of 1st period - Wrist shot by Joseph Blandisi.
11:09 of 1st period - Stopped by Alex Nedeljkovic with a rebound.
11:19 of 1st period - Wrist shot by William Nylander.
11:19 of 1st period - Stopped by Darcy Kuemper without a rebound.
11:20 of 1st period - Drake Caggiula wins face-off versus Dylan Strome in Sewer Rats zone.
11:27 of 1st period - Snap shot by Nick Cousins.
11:27 of 1st period - Shot Misses the Net.
11:45 of 1st period - Jeremy Lauzon is hit by Vincent Trocheck.
11:53 of 1st period - Snap shot by Vincent Trocheck.
11:53 of 1st period - Shot Blocked by Brendan Guhle.
12:04 of 1st period - Off-side.
12:05 of 1st period - Brock Boeser wins face-off versus Jonathan Marchessault in neutral zone.
13:43 of 1st period - Snap shot by Jonathan Marchessault.
13:43 of 1st period - Stopped by Alex Nedeljkovic without a rebound.
13:44 of 1st period - Jonathan Marchessault wins face-off versus Oscar Sundqvist in Atomiques zone.
13:50 of 1st period - Icing by Pontus Aberg.
13:51 of 1st period - Jonathan Marchessault wins face-off versus Oscar Sundqvist in Atomiques zone.
14:00 of 1st period - Joel Edmundson is hit by Sean Walker.
14:32 of 1st period - Noah Hanifin is hit by Stefan Elliott and loses puck.
14:51 of 1st period - Slapshot by Anthony Duclair.
14:51 of 1st period - Shot Misses the Net.
14:53 of 1st period - Slapshot by Drake Caggiula.
14:53 of 1st period - Stopped by Alex Nedeljkovic without a rebound.
14:54 of 1st period - Anthony Cirelli wins face-off versus Jonathan Marchessault in Atomiques zone.
15:01 of 1st period - Snap shot by William Nylander.
15:01 of 1st period - Stopped by Darcy Kuemper without a rebound.
15:02 of 1st period - Anthony Cirelli wins face-off versus Jonathan Marchessault in Sewer Rats zone.
15:07 of 1st period - Slapshot by William Nylander.
15:07 of 1st period - Stopped by Darcy Kuemper without a rebound.
15:08 of 1st period - Anthony Cirelli wins face-off versus Vincent Trocheck in Sewer Rats zone.
15:23 of 1st period - Wrist shot by Vincent Trocheck.
15:23 of 1st period - Deflect By Brock Boeser.
15:23 of 1st period - Stopped by Alex Nedeljkovic without a rebound.
15:24 of 1st period - Dylan Strome wins face-off versus Jonathan Marchessault in Atomiques zone.
15:59 of 1st period - Wrist shot by Erik Condra.
15:59 of 1st period - Stopped by Alex Nedeljkovic with a rebound.
16:01 of 1st period - Wrist shot by Jonathan Marchessault.
16:01 of 1st period - Stopped by Alex Nedeljkovic without a rebound.
16:02 of 1st period - Anthony Cirelli wins face-off versus Vincent Trocheck in Atomiques zone.
16:07 of 1st period - Slapshot by Cody Goloubef.
16:07 of 1st period - Shot Misses the Net.
16:31 of 1st period - Slapshot by Nick Cousins.
16:31 of 1st period - Shot Misses the Net.
16:33 of 1st period - Snap shot by Thomas Chabot.
16:33 of 1st period - Stopped by Alex Nedeljkovic with a rebound.
17:09 of 1st period - Wrist shot by Pontus Aberg.
17:09 of 1st period - Stopped by Darcy Kuemper with a rebound.
17:56 of 1st period - Slapshot by Nick Cousins.
17:56 of 1st period - Shot Misses the Net.
18:08 of 1st period - Wrist shot by Joseph Blandisi.
18:08 of 1st period - Stopped by Alex Nedeljkovic without a rebound.
18:09 of 1st period - Oscar Sundqvist wins face-off versus Jonathan Marchessault in Atomiques zone.
18:30 of 1st period - Minor Penalty to Erik Condra for Holding.
18:31 of 1st period - Vincent Trocheck wins face-off versus Oscar Sundqvist in Sewer Rats zone.
19:06 of 1st period - Slapshot by Brock McGinn.
19:06 of 1st period - Stopped by Darcy Kuemper with a rebound.
Goals for this period are 0 for Sewer Rats vs 3 for Atomiques.
Shots for this period are 13 for Sewer Rats vs 13 for Atomiques.

2nd period


0:01 of 2nd period - Oscar Sundqvist wins face-off versus Vincent Trocheck in neutral zone.
0:30 of 2nd period - Penalty to Erik Condra is over, Erik Condra is back on ice.
0:40 of 2nd period - Snap shot by Cody Goloubef.
0:40 of 2nd period - Stopped by Darcy Kuemper without a rebound.
0:41 of 2nd period - Chase De Leo wins face-off versus Drake Caggiula in Sewer Rats zone.
0:46 of 2nd period - Slapshot by Cody Goloubef.
0:46 of 2nd period - Stopped by Darcy Kuemper without a rebound.
0:47 of 2nd period - Drake Caggiula wins face-off versus Chase De Leo in Sewer Rats zone.
0:54 of 2nd period - Wrist shot by Nick Cousins.
0:54 of 2nd period - Shot Misses the Net.
0:56 of 2nd period - Backhand shot by Anthony Duclair.
0:56 of 2nd period - Stopped by Alex Nedeljkovic with a rebound.
0:58 of 2nd period - Slapshot by John Ramage.
0:58 of 2nd period - Stopped by Alex Nedeljkovic with a rebound.
1:32 of 2nd period - Snap shot by Vincent Trocheck.
1:32 of 2nd period - Stopped by Alex Nedeljkovic without a rebound.
1:33 of 2nd period - Vincent Trocheck wins face-off versus Anthony Cirelli in Atomiques zone.
1:36 of 2nd period - Wrist shot by Mark Mancari.
1:36 of 2nd period - Stopped by Alex Nedeljkovic with a rebound.
2:09 of 2nd period - Snap shot by William Nylander.
2:09 of 2nd period - Goal by William Nylander - Sewer Rats : 0 - Atomiques : 4.
2:09 of 2nd period - Marek Mazanek enters game.
2:10 of 2nd period - Oscar Sundqvist wins face-off versus Jonathan Marchessault in neutral zone.
3:12 of 2nd period - Anthony Cirelli is hit by Drake Caggiula and loses puck.
3:27 of 2nd period - Off-side.
3:28 of 2nd period - Erik Condra wins face-off versus Chase De Leo in neutral zone.
3:31 of 2nd period - Backhand shot by Stefan Elliott.
3:31 of 2nd period - Shot Blocked by Kirill Kaprizov.
3:57 of 2nd period - Slapshot by Kirill Kaprizov.
3:57 of 2nd period - Shot Misses the Net.
4:00 of 2nd period - Icing by Joel Edmundson.
4:01 of 2nd period - Oscar Sundqvist wins face-off versus Joseph Blandisi in Sewer Rats zone.
4:04 of 2nd period - Snap shot by Oscar Sundqvist.
4:04 of 2nd period - Shot Misses the Net.
4:06 of 2nd period - Slapshot by Brendan Guhle.
4:06 of 2nd period - Shot Misses the Net.
4:08 of 2nd period - Wrist shot by Pontus Aberg.
4:08 of 2nd period - Shot Misses the Net.
4:10 of 2nd period - Wrist shot by Brock McGinn.
4:10 of 2nd period - Stopped by Marek Mazanek without a rebound.
4:11 of 2nd period - Mark Mancari wins face-off versus Oscar Sundqvist in Sewer Rats zone.
4:50 of 2nd period - Slapshot by Brock McGinn.
4:50 of 2nd period - Stopped by Marek Mazanek with a rebound.
4:52 of 2nd period - Snap shot by Brock McGinn.
4:52 of 2nd period - Shot Misses the Net.
4:54 of 2nd period - Snap shot by Pontus Aberg.
4:54 of 2nd period - Stopped by Marek Mazanek with a rebound.
4:56 of 2nd period - Slapshot by Brendan Guhle.
4:56 of 2nd period - Stopped by Marek Mazanek without a rebound.
4:57 of 2nd period - Dylan Strome wins face-off versus Drake Caggiula in Sewer Rats zone.
5:24 of 2nd period - Joel Edmundson is hit by Brock Boeser.
5:49 of 2nd period - Noah Hanifin is hit by Joel Edmundson and loses puck.
6:14 of 2nd period - Brendan Guhle is hit by Erik Condra and loses puck.
6:26 of 2nd period - John Ramage is hit by Oscar Sundqvist and loses puck.
7:37 of 2nd period - Slapshot by Anthony Duclair.
7:37 of 2nd period - Shot Misses the Net.
7:54 of 2nd period - Icing by Brendan Guhle.
7:55 of 2nd period - Anthony Cirelli wins face-off versus Jonathan Marchessault in Atomiques zone.
9:04 of 2nd period - Wrist shot by Jarred Tinordi.
9:04 of 2nd period - Stopped by Alex Nedeljkovic with a rebound.
9:06 of 2nd period - Slapshot by Joseph Blandisi.
9:06 of 2nd period - Shot Misses the Net.
9:08 of 2nd period - Slapshot by Erik Condra.
9:08 of 2nd period - Shot Misses the Net.
10:18 of 2nd period - Off-side.
10:19 of 2nd period - Vincent Trocheck wins face-off versus Chase De Leo in neutral zone.
11:25 of 2nd period - Icing by William Nylander.
11:26 of 2nd period - Anthony Cirelli wins face-off versus Jonathan Marchessault in Atomiques zone.
11:43 of 2nd period - Snap shot by Brock Boeser.
11:43 of 2nd period - Stopped by Marek Mazanek with a rebound.
11:45 of 2nd period - Wrist shot by Brock Boeser.
11:45 of 2nd period - Stopped by Marek Mazanek without a rebound.
11:46 of 2nd period - Oscar Sundqvist wins face-off versus Vincent Trocheck in Sewer Rats zone.
12:16 of 2nd period - Wrist shot by Brendan Lemieux.
12:16 of 2nd period - Shot Misses the Net.
12:18 of 2nd period - Slapshot by Matt Tennyson.
12:18 of 2nd period - Shot Blocked by Jonathan Marchessault.
12:20 of 2nd period - Snap shot by Matt Tennyson.
12:20 of 2nd period - Deflect By Kevin Fiala.
12:20 of 2nd period - Stopped by Marek Mazanek without a rebound.
12:21 of 2nd period - Dylan Strome wins face-off versus Vincent Trocheck in Sewer Rats zone.
12:32 of 2nd period - Snap shot by Brendan Lemieux.
12:32 of 2nd period - Deflect By Dylan Strome.
12:32 of 2nd period - Shot Misses the Net.
12:32 of 2nd period - Puck is out of play.
12:33 of 2nd period - Vincent Trocheck wins face-off versus Oscar Sundqvist in Sewer Rats zone.
13:22 of 2nd period - Snap shot by Nick Cousins.
13:22 of 2nd period - Shot Misses the Net.
13:24 of 2nd period - Wrist shot by Anthony Duclair.
13:24 of 2nd period - Goal by Anthony Duclair - Sewer Rats : 1 - Atomiques : 4.
13:25 of 2nd period - Vincent Trocheck wins face-off versus Dylan Strome in neutral zone.
14:07 of 2nd period - Slapshot by Kevin Fiala.
14:07 of 2nd period - Shot Misses the Net.
14:09 of 2nd period - Wrist shot by Brendan Lemieux.
14:09 of 2nd period - Shot Misses the Net.
14:11 of 2nd period - Slapshot by Matt Tennyson.
14:11 of 2nd period - Shot Blocked by Joel Edmundson.
14:15 of 2nd period - Snap shot by Kevin Fiala.
14:15 of 2nd period - Shot Misses the Net.
14:17 of 2nd period - Minor Penalty to Joseph Blandisi for Slashing.
14:18 of 2nd period - Oscar Sundqvist wins face-off versus Vincent Trocheck in Sewer Rats zone.
14:31 of 2nd period - Snap shot by Pontus Aberg.
14:31 of 2nd period - Shot Blocked by Jarred Tinordi.
14:33 of 2nd period - Slapshot by Matt Tennyson.
14:33 of 2nd period - Shot Blocked by Vincent Trocheck.
15:11 of 2nd period - Brock McGinn is hit by Mark Mancari and loses puck.
15:40 of 2nd period - Jeremy Lauzon is hit by Dmitrij Jaskin.
16:00 of 2nd period - Brock Boeser is hit by Joel Edmundson and loses puck.
16:17 of 2nd period - Penalty to Joseph Blandisi is over, Joseph Blandisi is back on ice.
16:35 of 2nd period - Snap shot by Nick Cousins.
16:35 of 2nd period - Shot Blocked by Noah Hanifin.
16:37 of 2nd period - Slapshot by Drake Caggiula.
16:37 of 2nd period - Shot Blocked by Sean Walker.
16:39 of 2nd period - Snap shot by Anthony Duclair.
16:39 of 2nd period - Stopped by Alex Nedeljkovic with a rebound.
16:41 of 2nd period - Snap shot by Anthony Duclair.
16:41 of 2nd period - Stopped by Alex Nedeljkovic without a rebound.
16:42 of 2nd period - Jonathan Marchessault wins face-off versus Chase De Leo in Atomiques zone.
16:53 of 2nd period - Snap shot by Erik Condra.
16:53 of 2nd period - Stopped by Alex Nedeljkovic with a rebound.
17:34 of 2nd period - Wrist shot by Mark Mancari.
17:34 of 2nd period - Shot Misses the Net.
17:36 of 2nd period - Slapshot by Daniel Carr.
17:36 of 2nd period - Stopped by Alex Nedeljkovic with a rebound.
17:46 of 2nd period - Dmitrij Jaskin is hit by Brendan Lemieux and loses puck.
18:05 of 2nd period - Matt Tennyson is hit by Stefan Elliott and loses puck.
18:57 of 2nd period - Pontus Aberg is hit by Erik Condra and loses puck.
19:04 of 2nd period - Slapshot by Jeremy Lauzon.
19:04 of 2nd period - Stopped by Marek Mazanek with a rebound.
19:42 of 2nd period - Wrist shot by Kevin Fiala.
19:42 of 2nd period - Shot Blocked by Jonathan Marchessault.
19:44 of 2nd period - Wrist shot by Brendan Lemieux.
19:44 of 2nd period - Stopped by Marek Mazanek with a rebound.
19:55 of 2nd period - Off-side.
19:56 of 2nd period - Vincent Trocheck wins face-off versus Chase De Leo in neutral zone.
19:59 of 2nd period - Wrist shot by Daniel Carr.
19:59 of 2nd period - Deflect By Vincent Trocheck.
19:59 of 2nd period - Shot Hit the Post.
19:59 of 2nd period - Puck is out of play.
Goals for this period are 1 for Sewer Rats vs 1 for Atomiques.
Shots for this period are 10 for Sewer Rats vs 12 for Atomiques.

3rd period


0:01 of 3rd period - Oscar Sundqvist wins face-off versus Vincent Trocheck in neutral zone.
0:06 of 3rd period - Snap shot by Oscar Sundqvist.
0:06 of 3rd period - Stopped by Marek Mazanek with a rebound.
0:47 of 3rd period - Snap shot by Joseph Blandisi.
0:47 of 3rd period - Shot Misses the Net.
0:49 of 3rd period - Wrist shot by Erik Condra.
0:49 of 3rd period - Deflect By Jonathan Marchessault.
0:49 of 3rd period - Shot Misses the Net.
0:49 of 3rd period - Puck is out of play.
0:50 of 3rd period - Dylan Strome wins face-off versus Vincent Trocheck in Atomiques zone.
1:03 of 3rd period - Snap shot by Kevin Fiala.
1:03 of 3rd period - Shot Misses the Net.
1:05 of 3rd period - Wrist shot by Brendan Lemieux.
1:05 of 3rd period - Stopped by Marek Mazanek with a rebound.
1:07 of 3rd period - Slapshot by Brendan Guhle.
1:07 of 3rd period - Shot Blocked by Daniel Carr.
1:09 of 3rd period - Wrist shot by Kevin Fiala.
1:09 of 3rd period - Shot Misses the Net.
1:11 of 3rd period - Snap shot by Brendan Lemieux.
1:11 of 3rd period - Stopped by Marek Mazanek with a rebound.
1:13 of 3rd period - Snap shot by Kevin Fiala.
1:13 of 3rd period - Stopped by Marek Mazanek without a rebound.
1:14 of 3rd period - Oscar Sundqvist wins face-off versus Jonathan Marchessault in Sewer Rats zone.
1:19 of 3rd period - Slapshot by Oscar Sundqvist.
1:19 of 3rd period - Shot Misses the Net.
1:48 of 3rd period - Snap shot by William Nylander.
1:48 of 3rd period - Stopped by Marek Mazanek with a rebound.
1:50 of 3rd period - Backhand shot by Sean Walker.
1:50 of 3rd period - Stopped by Marek Mazanek without a rebound.
1:51 of 3rd period - Vincent Trocheck wins face-off versus Dylan Strome in Sewer Rats zone.
2:12 of 3rd period - Mark Mancari is hit by Matt Tennyson and loses puck.
3:04 of 3rd period - Snap shot by Vincent Trocheck.
3:04 of 3rd period - Shot Blocked by Matt Tennyson.
3:06 of 3rd period - Slapshot by Jarred Tinordi.
3:06 of 3rd period - Deflect By Daniel Carr.
3:06 of 3rd period - Shot Blocked by Matt Tennyson.
3:06 of 3rd period - Puck is out of play.
3:07 of 3rd period - Oscar Sundqvist wins face-off versus Drake Caggiula in Atomiques zone.
3:07 of 3rd period - Oscar Sundqvist is hit by Anthony Duclair.
3:19 of 3rd period - Pontus Aberg is hit by Joel Edmundson and loses puck.
3:23 of 3rd period - Icing by Pontus Aberg.
3:24 of 3rd period - Oscar Sundqvist wins face-off versus Jonathan Marchessault in Atomiques zone.
3:24 of 3rd period - Oscar Sundqvist is hit by Jonathan Marchessault.
3:39 of 3rd period - Off-side.
3:40 of 3rd period - Anthony Duclair wins face-off versus Anthony Cirelli in neutral zone.
3:45 of 3rd period - Slapshot by Stefan Elliott.
3:45 of 3rd period - Stopped by Alex Nedeljkovic without a rebound.
3:46 of 3rd period - Anthony Cirelli wins face-off versus Drake Caggiula in Atomiques zone.
3:48 of 3rd period - Icing by Jeremy Lauzon.
3:49 of 3rd period - Anthony Cirelli wins face-off versus Drake Caggiula in Atomiques zone.
4:10 of 3rd period - Wrist shot by Brock Boeser.
4:10 of 3rd period - Goal by Brock Boeser - Sewer Rats : 1 - Atomiques : 5.
4:11 of 3rd period - Oscar Sundqvist wins face-off versus Vincent Trocheck in neutral zone.
4:36 of 3rd period - Erik Condra is hit by Cody Goloubef and loses puck.
4:43 of 3rd period - Snap shot by William Nylander.
4:43 of 3rd period - Shot Misses the Net.
5:14 of 3rd period - Connor Carrick is hit by Brendan Lemieux.
5:22 of 3rd period - Slapshot by Drake Caggiula.
5:22 of 3rd period - Stopped by Alex Nedeljkovic with a rebound.
5:52 of 3rd period - Daniel Carr is hit by Nicolas Aube-Kubel.
6:03 of 3rd period - Snap shot by Chase De Leo.
6:03 of 3rd period - Shot Blocked by Xavier Ouellet.
6:05 of 3rd period - Wrist shot by Chase De Leo.
6:05 of 3rd period - Stopped by Marek Mazanek with a rebound.
6:15 of 3rd period - Vincent Trocheck is hit by Dylan Strome and loses puck.
6:25 of 3rd period - Minor Penalty to Dylan Strome for Hooking.
6:26 of 3rd period - Oscar Sundqvist wins face-off versus Jonathan Marchessault in Atomiques zone.
6:26 of 3rd period - Oscar Sundqvist is hit by Erik Condra.
6:40 of 3rd period - Joel Edmundson is hit by Brock McGinn.
7:47 of 3rd period - Icing by Jonathan Marchessault.
7:48 of 3rd period - Pontus Aberg wins face-off versus Jonathan Marchessault in Sewer Rats zone.
7:53 of 3rd period - Wrist shot by Pontus Aberg.
7:53 of 3rd period - Shot Hit the Post.
8:25 of 3rd period - Penalty to Dylan Strome is over, Dylan Strome is back on ice.
8:42 of 3rd period - Wrist shot by Connor Carrick.
8:42 of 3rd period - Deflect By Nick Cousins.
8:42 of 3rd period - Stopped by Alex Nedeljkovic without a rebound.
8:43 of 3rd period - Anthony Cirelli wins face-off versus Drake Caggiula in Atomiques zone.
9:08 of 3rd period - Slapshot by Chase De Leo.
9:08 of 3rd period - Goal by Chase De Leo - Sewer Rats : 1 - Atomiques : 6.
9:09 of 3rd period - Oscar Sundqvist wins face-off versus Vincent Trocheck in neutral zone.
9:57 of 3rd period - Wrist shot by Anthony Duclair.
9:57 of 3rd period - Shot Misses the Net.
10:03 of 3rd period - Brendan Lemieux is hit by Nick Cousins and loses puck.
10:24 of 3rd period - Wrist shot by Jeremy Lauzon.
10:24 of 3rd period - Shot Misses the Net.
10:26 of 3rd period - Wrist shot by Brendan Guhle.
10:26 of 3rd period - Stopped by Marek Mazanek with a rebound.
10:28 of 3rd period - Snap shot by Kirill Kaprizov.
10:28 of 3rd period - Goal by Kirill Kaprizov - Sewer Rats : 1 - Atomiques : 7.
10:29 of 3rd period - Anthony Cirelli wins face-off versus Vincent Trocheck in neutral zone.
10:31 of 3rd period - Off-side.
10:32 of 3rd period - Anthony Cirelli wins face-off versus Vincent Trocheck in neutral zone.
10:46 of 3rd period - Slapshot by Stefan Elliott.
10:46 of 3rd period - Stopped by Alex Nedeljkovic with a rebound.
10:48 of 3rd period - Snap shot by Vincent Trocheck.
10:48 of 3rd period - Deflect By Daniel Carr.
10:48 of 3rd period - Deflect By William Nylander.
10:48 of 3rd period - Shot Blocked by Jeremy Lauzon.
10:48 of 3rd period - Puck is out of play.
10:49 of 3rd period - Oscar Sundqvist wins face-off versus Erik Condra in Atomiques zone.
10:54 of 3rd period - Slapshot by Cody Goloubef.
10:54 of 3rd period - Stopped by Marek Mazanek with a rebound.
11:08 of 3rd period - Pontus Aberg is hit by Joseph Blandisi.
12:10 of 3rd period - Ryan Murphy is hit by Kirill Kaprizov.
12:26 of 3rd period - Icing by Pontus Aberg.
12:27 of 3rd period - Oscar Sundqvist wins face-off versus Jonathan Marchessault in Atomiques zone.
12:33 of 3rd period - Off-side.
12:34 of 3rd period - Vincent Trocheck wins face-off versus Brock Boeser in neutral zone.
12:59 of 3rd period - Vincent Trocheck is hit by Brendan Lemieux and loses puck.
14:08 of 3rd period - Wrist shot by Vincent Trocheck.
14:08 of 3rd period - Shot Misses the Net.
14:10 of 3rd period - Slapshot by John Ramage.
14:10 of 3rd period - Stopped by Alex Nedeljkovic without a rebound.
14:11 of 3rd period - Jonathan Marchessault wins face-off versus Nicolas Aube-Kubel in Atomiques zone.
14:12 of 3rd period - Wrist shot by Erik Condra.
14:12 of 3rd period - Shot Misses the Net.
14:14 of 3rd period - Snap shot by Joseph Blandisi.
14:14 of 3rd period - Shot Misses the Net.
14:16 of 3rd period - Snap shot by Ryan Murphy.
14:16 of 3rd period - Shot Misses the Net.
14:18 of 3rd period - Slapshot by Ryan Murphy.
14:18 of 3rd period - Shot Blocked by Matt Tennyson.
14:40 of 3rd period - Wrist shot by Brock McGinn.
14:40 of 3rd period - Shot Misses the Net.
15:21 of 3rd period - Wrist shot by Jonathan Marchessault.
15:21 of 3rd period - Stopped by Alex Nedeljkovic with a rebound.
15:35 of 3rd period - Wrist shot by Vincent Trocheck.
15:35 of 3rd period - Stopped by Alex Nedeljkovic with a rebound.
15:37 of 3rd period - Snap shot by Dmitrij Jaskin.
15:37 of 3rd period - Stopped by Alex Nedeljkovic with a rebound.
15:44 of 3rd period - Icing by Sean Walker.
15:45 of 3rd period - Drake Caggiula wins face-off versus Kirill Kaprizov in Atomiques zone.
15:56 of 3rd period - Snap shot by Stefan Elliott.
15:56 of 3rd period - Stopped by Alex Nedeljkovic with a rebound.
15:58 of 3rd period - Snap shot by Drake Caggiula.
15:58 of 3rd period - Stopped by Alex Nedeljkovic without a rebound.
15:59 of 3rd period - Vincent Trocheck wins face-off versus Brock McGinn in Atomiques zone.
16:00 of 3rd period - Snap shot by Mark Mancari.
16:00 of 3rd period - Shot Hit the Post.
16:02 of 3rd period - Wrist shot by Daniel Carr.
16:02 of 3rd period - Stopped by Alex Nedeljkovic with a rebound.
16:06 of 3rd period - Wrist shot by Mark Mancari.
16:06 of 3rd period - Stopped by Alex Nedeljkovic with a rebound.
16:08 of 3rd period - Slapshot by Mark Mancari.
16:08 of 3rd period - Stopped by Alex Nedeljkovic with a rebound.
16:10 of 3rd period - Snap shot by Joel Edmundson.
16:10 of 3rd period - Shot Blocked by Brock McGinn.
16:12 of 3rd period - Wrist shot by Joel Edmundson.
16:12 of 3rd period - Stopped by Alex Nedeljkovic with a rebound.
16:14 of 3rd period - Wrist shot by Vincent Trocheck.
16:14 of 3rd period - Goal by Vincent Trocheck - Sewer Rats : 2 - Atomiques : 7.
16:15 of 3rd period - Anthony Cirelli wins face-off versus Vincent Trocheck in neutral zone.
16:18 of 3rd period - Joel Edmundson is hit by Cody Goloubef and loses puck.
16:25 of 3rd period - Slapshot by Daniel Carr.
16:25 of 3rd period - Shot Blocked by Anthony Cirelli.
16:27 of 3rd period - Snap shot by Vincent Trocheck.
16:27 of 3rd period - Stopped by Alex Nedeljkovic with a rebound.
16:29 of 3rd period - Snap shot by Daniel Carr.
16:29 of 3rd period - Goal by Daniel Carr - Sewer Rats : 3 - Atomiques : 7.
16:30 of 3rd period - Vincent Trocheck wins face-off versus Oscar Sundqvist in neutral zone.
16:37 of 3rd period - Cody Goloubef is hit by Mark Mancari and loses puck.
16:43 of 3rd period - Icing by Matt Tennyson.
16:44 of 3rd period - Oscar Sundqvist wins face-off versus Daniel Carr in Atomiques zone.
16:57 of 3rd period - Wrist shot by Brock McGinn.
16:57 of 3rd period - Shot Misses the Net.
17:28 of 3rd period - Slapshot by Oscar Sundqvist.
17:28 of 3rd period - Shot Misses the Net.
17:33 of 3rd period - Icing by Jarred Tinordi.
17:34 of 3rd period - Anthony Cirelli wins face-off versus Drake Caggiula in Sewer Rats zone.
17:35 of 3rd period - Wrist shot by William Nylander.
17:35 of 3rd period - Stopped by Marek Mazanek without a rebound.
17:36 of 3rd period - Vincent Trocheck wins face-off versus William Nylander in Sewer Rats zone.
18:10 of 3rd period - Wrist shot by Brendan Lemieux.
18:10 of 3rd period - Goal by Brendan Lemieux - Sewer Rats : 3 - Atomiques : 8.
18:11 of 3rd period - Vincent Trocheck wins face-off versus Brock Boeser in neutral zone.
18:26 of 3rd period - Snap shot by Cody Goloubef.
18:26 of 3rd period - Deflect By Stefan Elliott.
18:26 of 3rd period - Stopped by Marek Mazanek with a rebound.
18:47 of 3rd period - Stefan Elliott is hit by Jeremy Lauzon and loses puck.
19:03 of 3rd period - Wrist shot by Jonathan Marchessault.
19:03 of 3rd period - Shot Misses the Net.
19:05 of 3rd period - Wrist shot by Jonathan Marchessault.
19:05 of 3rd period - Stopped by Alex Nedeljkovic without a rebound.
19:06 of 3rd period - Anthony Cirelli wins face-off versus Jonathan Marchessault in Atomiques zone.
19:11 of 3rd period - Joseph Blandisi is hit by Anthony Cirelli.
19:31 of 3rd period - Oscar Sundqvist is hit by John Ramage and loses puck.
19:39 of 3rd period - Slapshot by Noah Hanifin.
19:39 of 3rd period - Shot Misses the Net.
19:41 of 3rd period - Slapshot by Noah Hanifin.
19:41 of 3rd period - Shot Blocked by Anthony Duclair.
19:51 of 3rd period - Backhand shot by Jarred Tinordi.
19:51 of 3rd period - Shot Misses the Net.
Goals for this period are 2 for Sewer Rats vs 4 for Atomiques.
Shots for this period are 18 for Sewer Rats vs 15 for Atomiques. Output by the SimonT Hockey Simulator (STHS) for Francois Prevost - Original Page W3C HTML5 Valid
Hockey Simulator - Hockey Simulation - Hockey Manager